 Dungeon Crawl Stone Soup version 0.23.2-40-g277498a001 (webtiles) character file.

Game seed: 1229454826938027986

5427 DildoBatman the Artisan of Death (level 10, -11/63 HPs)
             Began as a Formicid Wizard on Oct 22, 2019.
             Was a Priest of Kikubaaqudgha.
             Killed by the air
             ... invoked by Gastronok
              (32 damage)
             ... on level 8 of the Dungeon.
             The game lasted 00:50:36 (11126 turns).

DildoBatman the Artisan of Death (Formicid Wizard) Turns: 11126, Time: 00:50:37

Health: -11/63     AC:  7    Str: 17    XL:     10   Next: 99%
Magic:  9/21       EV: 11    Int: 24    God:    Kikubaaqudgha [***...]
Gold:   239        SH:  0    Dex:  9    Spells: 6/23 levels left

rFire    . . .     SeeInvis +   a - +9 whip "Textewei" {slash, rN+ Str+4 Int+4}
rCold    . . .     Gourm    .   (no shield)
rNeg     + . .     Faith    .   y - +3 leather armour
rPois    .         Spirit   .   (helmet unavailable)
rElec    .         Reflect  .   (no cloak)
rCorr    .         Harm     .   (no gloves)
MR       +....                  r - +0 pair of boots
Stlth    ++........             (no amulet)
HPRegen  0.20/turn              (no ring)
MPRegen  0.17/turn              (no ring)

@: marked
A: permanent stasis, dig shafts and tunnels, four strong arms, antennae 3
a: Dig, Shaft Self, Receive Corpses, Renounce Religion


You were on level 8 of the Dungeon.
You worshipped Kikubaaqudgha.
Kikubaaqudgha was most pleased with you.
You were very hungry.

You visited 2 branches of the dungeon, and saw 9 of its levels.

You collected 239 gold pieces.

Inventory:

Hand Weapons
 a - the +9 whip "Textewei" (weapon) {slash, rN+ Str+4 Int+4}
   (You found it on level 8 of the Dungeon)

   It inflicts extra damage upon your enemies.
   It affects your strength (+4).
   It affects your intelligence (+4).
   It protects you from negative energy.
 b - a +0 hunting sling
 e - a +0 trident
Missiles
 d - 90 stones
 h - 48 sling bullets
 l - 3 needles of sleeping
 q - 117 arrows
 w - a tomahawk of returning (quivered)
 E - 33 bolts
 H - 30 poisoned needles
Armour
 g - a +0 buckler
 r - a +0 pair of boots (worn)
 y - a +3 leather armour (worn)
Jewellery
 s - an uncursed ring of flight
Wands
 z - a wand of flame (14)
Scrolls
 f - a scroll of fear {unknown}
 i - a scroll of random uselessness {unknown}
 k - 2 scrolls of amnesia {unknown}
 p - a scroll of enchant weapon {unknown}
 t - a scroll of enchant armour {unknown}
 x - 6 scrolls of remove curse
 B - a scroll of noise {unknown}
 C - a scroll of fog {unknown}
 G - a scroll of blinking {unknown}
Potions
 c - 4 potions of curing
 j - 2 potions of flight
 n - a potion of degeneration {unknown}
 o - a potion of agility
 u - a potion of ambrosia {unknown}
 A - a potion of magic
 D - a potion of berserk rage {unknown}
 I - a potion of brilliance {unknown}
Comestibles
 m - 2 chunks of flesh
 v - 19 rations


   Skills:
 * Level 0.0 Fighting
 * Level 0.0 Armour
 * Level 1.7 Dodging
 - Level 2.4 Stealth
 * Level 3.2 Shields
 - Level 7.3 Spellcasting
 - Level 6.0 Conjurations
   Level 1.0 Summonings
 - Level 9.0 Necromancy
   Level 0.8 Translocations
 - Level 5.1 Fire Magic
 - Level 5.1 Air Magic


You had 6 spell levels left.
You knew the following spells:

 Your Spells              Type           Power        Failure   Level  Hunger
a - Conjure Flame         Conj/Fire      #####...     2%          3    None
b - Dispel Undead         Necr           ######..     6%          5    #####..
c - Magic Dart            Conj           ####         1%          1    None
d - Vampiric Draining     Necr           ######....   1%          3    None
e - Mephitic Cloud        Conj/Pois/Air  ####....     5%          3    None
z - Sublimation of Blood  Necr           ######....   1%          2    None

Your spell library contained the following spells:

 Spells                   Type           Power        Failure   Level  Hunger
 Pain                     Necr           ####         1%          1    None
 Corpse Rot               Necr           N/A          1%          2    None
 Agony                    Necr           ######..     6%          5    #####..
 Call Imp                 Summ           ##......     9%          2    None
 Slow                     Hex            #.......     13%         2    None
 Death Channel            Necr           ######....   32%         6    ######.
 Excruciating Wounds      Chrm/Necr      ####......   36%         5    #####..
 Simulacrum               Ice/Necr       ####......   90%         6    ######.
 Blink                    Tloc           Unusable     N/A         2    N/A

Dungeon Overview and Level Annotations

Branches:
Dungeon (8/15)             Temple (1/1) D:5
   Lair: D:8-11

Altars:
Ashenzari
Cheibriados
Dithmenos
Elyvilon
Fedhas
Gozag
Hepliaklqana
Kikubaaqudgha
Makhleb
Nemelex Xobeh
Okawaru
Qazlal
Ru
Sif Muna
Trog
Uskayaw
Vehumet
Wu Jian
Xom
Yredelemnul
Zin
The Shining One

Shops:
D:6 [

Annotations:
D:6 exclusion: sensed monster (detected)
D:8 Gastronok


Innate Abilities, Weirdness & Mutations

You cannot be hasted, slowed, berserked, paralysed or teleported.
You can dig through walls and to a lower floor.
Your four strong arms can wield two-handed weapons with a shield.
You have a pair of large antennae on your head. (SInv)


Message History

Training target 3.0 for Shields reached!
Training target 7.0 for Spellcasting reached!
Your Shields skill gained 3 levels and is now at level 3!
Your Spellcasting skill increases to level 7!
You need to enable at least one skill for training.
You extend your mandibles.
You dig through the rock wall.
Gastronok's eyestalks stretch out, then return to normal size.
Gastronok casts a spell.
Gastronok sloshes about.
Casting: Conjure Flame (safe; 2% risk of failure)
Confirm with . or Enter, or press ? or * to list all spells.
Aiming: Conjure Flame (safe; 2% risk of failure)
Press: ? - help, Dir - move target cursor The fire ignites!
Gastronok waves his eye-stalks in wide circles.
The air twists around and strikes you!
Ouch! That really hurt!
You die...
Kikubaaqudgha rasps: "You have failed me!
Welcome... death!"

..............{)......#..##
............#.z..#..###...#
#####.##..#.#####[.## ##.##
....(.#####.# #b## ###
......# ##.## #w#
#.##..###.## #.#
##.......## #z# ###.#####
##ยง# ### #@## ###


You could see Gastronok, a wight and a bat.

Vanquished Creatures
  Harold (D:8)
  A two-headed ogre (D:8)
  A spriggan (D:7)
  Menkaure (D:5)
  A soldier ant (D:5)
  A black bear (D:7)
  4 sky beasts
  An orc warrior (D:7)
  2 ice beasts (D:7)
  A phantom (D:8)
  2 ogres
  2 centaurs
  A crocodile (D:6)
  4 bullfrogs
  4 scorpions
  7 killer bees
  7 wights (D:8)
  A howler monkey (D:7)
  5 crimson imps
  A bullfrog zombie (D:5)
  3 hounds
  2 jellies
  2 centaur skeletons (D:6)
  6 orc priests
  5 orc wizards
  Jessica (D:4)
  2 iguanas
  17 worker ants
  A worker ant zombie (D:8)
  Robin (D:3)
  A gnoll (D:1)
  8 adders
  A howler monkey skeleton (D:6)
  5 shadow imps
  An ooze (D:4)
  An adder skeleton (D:7)
  An adder zombie (D:5)
  A worm (D:2)
  3 dart slugs
  3 leopard geckos
  25 orcs
  4 giant cockroaches
  13 goblins
  11 hobgoblins
  3 jackals (D:3)
  2 quokkas
  A ball python (D:2)
  10 bats
  5 frilled lizards
  A jackal skeleton (D:4)
  2 kobolds
  4 leopard gecko skeletons
  2 quokka zombies
  3 rats
  3 butterflies (D:5)
202 creatures vanquished.

Vanquished Creatures (others)
  A quokka (D:3)
1 creature vanquished.

Grand Total: 203 creatures vanquished

Notes
Turn   | Place    | Note
-------+----------+-------------------------------------------
     0 | D:1      | DildoBatman the Formicid Wizard began the quest for the
                  | Orb.
     0 | D:1      | Reached XP level 1. HP: 13/13 MP: 4/4
   200 | D:1      | Reached skill level 1 in Conjurations
   462 | D:1      | Reached XP level 2. HP: 13/19 MP: 6/6
  1120 | D:2      | Reached XP level 3. HP: 20/24 MP: 1/7
  1202 | D:2      | Learned a level 3 spell: Conjure Flame
  1206 | D:2      | Learned a level 3 spell: Mephitic Cloud
  1915 | D:2      | Reached XP level 4. HP: 23/30 MP: 4/8
  2653 | D:3      | Noticed an ogre
  2661 | D:3      | Noticed Robin
  2815 | D:3      | Reached XP level 5. HP: 28/35 MP: 2/9
  3594 | D:4      | Reached skill level 5 in Conjurations
  3594 | D:4      | Reached XP level 6. HP: 41/41 MP: 7/10
  3767 | D:4      | Noticed Jessica
  3916 | D:4      | Found a deep blue altar of Sif Muna.
  3925 | D:4      | Killed Jessica
  3941 | D:5      | Entered Level 5 of the Dungeon
  4760 | D:5      | Found an iron altar of Okawaru.
  4941 | D:5      | Noticed Menkaure
  5027 | D:5      | Found a staircase to the Ecumenical Temple.
  5035 | Temple   | Entered the Ecumenical Temple
  5173 | Temple   | Became a worshipper of Kikubaaqudgha
  5218 | D:5      | Reached XP level 7. HP: 23/46 MP: 4/11
  5282 | D:5      | Reached skill level 1 in Fire Magic
  5282 | D:5      | Reached skill level 1 in Air Magic
  5682 | D:5      | Reached XP level 8. HP: 39/52 MP: 12/12
  5781 | D:5      | Found a runed translucent door.
  5782 | D:5      | Found a runed translucent door.
  6256 | D:3      | Killed Robin
  6256 | D:3      | Reached * piety under Kikubaaqudgha
  6256 | D:3      | Identified Kikubaaqudgha's Guide on Black Rites
                  | (Kikubaaqudgha gifted it to you on level 3 of the Dungeon)
  6256 | D:3      | Received a gift from Kikubaaqudgha
  6574 | D:3      | Found a white marble altar of Elyvilon.
  6951 | D:5      | Killed Menkaure
  7049 | D:6      | Reached skill level 5 in Fire Magic
  7334 | D:6      | Reached skill level 5 in Air Magic
  7334 | D:6      | Reached XP level 9. HP: 57/57 MP: 9/13
  7663 | D:6      | Found Paedaet's Antique Armour Emporium.
  7891 | D:6      | Reached skill level 5 in Spellcasting
  7921 | D:6      | Learned a level 3 spell: Vampiric Draining
  7924 | D:6      | Learned a level 2 spell: Sublimation of Blood
  8106 | D:6      | Reached skill level 1 in Necromancy
  8286 | D:7      | Reached skill level 2 in Necromancy
  8422 | D:7      | Reached skill level 3 in Necromancy
  8598 | D:7      | Reached ** piety under Kikubaaqudgha
  8606 | D:7      | Reached skill level 4 in Necromancy
  9007 | D:7      | Reached skill level 5 in Necromancy
  9190 | D:7      | Reached XP level 10. HP: 45/63 MP: 14/18
  9250 | D:7      | Reached skill level 6 in Necromancy
  9817 | D:5      | Reached skill level 7 in Necromancy
 10190 | D:8      | Noticed Gastronok
 10201 | D:8      | Noticed Harold
 10349 | D:8      | Noticed a two-headed ogre
 10364 | D:8      | Killed a two-headed ogre
 10364 | D:8      | Reached skill level 8 in Necromancy
 10490 | D:8      | Reached skill level 9 in Necromancy
 10946 | D:8      | Reached *** piety under Kikubaaqudgha
 10946 | D:8      | Identified Kikubaaqudgha's Collected Works on Unholy Arts
                  | (Kikubaaqudgha gifted it to you on level 8 of the Dungeon)
 10946 | D:8      | Received a gift from Kikubaaqudgha
 10958 | D:8      | Learned a level 5 spell: Dispel Undead
 10996 | D:8      | Got a transparent whip
 10997 | D:8      | Identified the +9 whip "Textewei" {slash, rN+ Str+4 Int+4}
                  | (You found it on level 8 of the Dungeon)
 11115 | D:8      | Killed Harold
 11126 | D:8      | Killed from afar by Gastronok

Skill      XL: |  1  2  3  4  5  6  7  8  9 10 |
---------------+-------------------------------+-----
Conjurations   | 1 2 3 4 5 6 |  6.0
Fire Magic     | 3 5 |  5.1
Air Magic      | 2 5 |  5.1
Spellcasting   | 5 7 |  7.3
Necromancy     | 5 9 |  9.0
Shields        | 3 |  3.2
Dodging        | |  1.7
Stealth        | |  2.4
Summonings     | |  1.0
Translocations | |  0.8

Action                   |  1- 3 |  4- 6 |  7- 9 | 10-12 || total
-------------------------+-------+-------+-------+-------++-------
Melee: Club              |    24 |       |       |       ||    24
       Spear             |       |    37 |   155 |       ||   192
       Trident           |       |       |    51 |   182 ||   233
       Hand axe          |       |       |    12 |    23 ||    35
       Whip              |       |       |       |     2 ||     2
 Fire: Hunting sling     |     4 |    97 |   227 |   119 ||   447
 Cast: Magic Dart        |    73 |    73 |    87 |    22 ||   255
       Mephitic Cloud    |       |    14 |    28 |    22 ||    64
       Conjure Flame     |       |     4 |    38 |    32 ||    74
 Abil: Dig               |    11 |    18 |    12 |    18 ||    59
  Use: Potion            |     2 |     2 |     1 |     3 ||     8
       Scroll            |       |     1 |       |     5 ||     6
 Stab: Confused          |       |       |     5 |     5 ||    10
  Eat: Chunk             |     4 |    12 |    16 |     9 ||    41
       Ration            |       |       |     1 |       ||     1
Armor: Robe              |     8 |    12 |    26 |     3 ||    49
       Skin              |    14 |    18 |       |    15 ||    47
       Leather armour    |       |       |       |     8 ||     8
Dodge: Dodged            |    37 |    56 |   106 |    58 ||   257
